 Dungeon Crawl Stone Soup version 0.19.1-1-g22dce08 (webtiles) character file.

756 Kiturien the Cutter (level 7, 0/48 HPs)
             Began as an Octopode Fighter on Jan 18, 2017.
             Slain by davido123's ghost (15 damage)
             ... on level 5 of the Dungeon.
             The game lasted 00:14:28 (4915 turns).

Kiturien the Cutter (Octopode Fighter)              Turns: 4915, Time: 00:14:29

Health: 0/48       AC:  1    Str: 15    XL:     7   Next: 79%
Magic:  7/7        EV: 14    Int: 10    God:
Gold:   232        SH: 11    Dex: 16    Spells: 0 memorised, 6 levels left

rFire  . . .     SeeInvis .     a - +0 rapier
rCold  . . .     Gourm    .     b - +0 shield
rNeg   . . .     Faith    .     (helmet restricted)
rPois  .         Spirit   .     f - +2 amulet of reflection
rElec  .         Reflect  +     r - ring of resist corrosion
rCorr  +         Harm     .     G - +2 ring of dexterity
MR     .....                    (no ring)
Stlth  ++++......               (no ring)
                                (no ring)
                                (no ring)
                                (no ring)
                                (no ring)

@: no status effects
A: almost no armour, stealthy swim, amphibious, 8 rings, constrict 8, camouflage
1, gelatinous body 1
a: no special abilities


You were on level 5 of the Dungeon.
You were not hungry.

You visited 1 branch of the dungeon, and saw 5 of its levels.

You collected 232 gold pieces.

Inventory:

Hand Weapons
 a - a +0 rapier (weapon)
 g - a +0 short sword
 F - the +1 falchion "Eviscerator" {venom, rF+ rC++ MP+9 Str-3}
   (You found it on level 5 of the Dungeon)

   It poisons the flesh of those it strikes.
   It affects your strength (-3).
   It protects you from fire.
   It greatly protects you from cold.
   It affects your magic capacity (+9).
Missiles
 j - a throwing net
 A - 8 javelins of returning (quivered)
Armour
 b - a +0 shield (worn)
Jewellery
 f - a +2 amulet of reflection (around mantle)
 r - a ring of resist corrosion (left tentacle)
 w - an uncursed amulet of faith
 G - a +2 ring of dexterity (right tentacle)
Wands
 v - a wand of polymorph (11/24)
 x - a wand of random effects (20/48)
 C - a wand of paralysis (14/24)
Scrolls
 e - 3 scrolls of immolation {unknown}
 h - 2 scrolls of recharging
 p - a scroll of remove curse
 q - a scroll of random uselessness {unknown}
 s - 2 scrolls of enchant weapon {unknown}
 t - a scroll of amnesia {unknown}
 y - a scroll of blinking
 D - a scroll of magic mapping {unknown}
Potions
 c - a potion of might
 k - a potion of lignification
 m - 4 potions of curing
 n - a potion of magic {unknown}
 o - a potion of mutation {unknown}
 u - a potion of flight
 z - a potion of brilliance {unknown}
 B - a potion of cancellation {unknown}
 E - a potion of haste {unknown}
Comestibles
 d - 2 bread rations
 i - 3 fruits
 l - 2 meat rations


   Skills:
 + Level 4.0 Fighting
 + Level 5.3 Short Blades
 + Level 4.7 Dodging
 + Level 4.9 Stealth
 + Level 4.4 Shields


You had 6 spell levels left.
You didn't know any spells.

Dungeon Overview and Level Annotations

Branches:
Dungeon (5/15)
 Temple: D:4-7

Altars:
Ashenzari
Hepliaklqana

Annotations:
D:5 davido123's ghost, novice TrBe


Innate Abilities, Weirdness & Mutations

You cannot wear most types of armour.
You are very stealthy in the water. (Stealth+)
You are amphibious.
You can wear up to eight rings at the same time.
You can use your tentacles to constrict eight enemies at once.
Your skin changes colour to match your surroundings (Stealth+).
Your rubbery body absorbs attacks. (AC +1, EV +1)


Message History

a - a +0 rapier (weapon)
Found a scratched tourmaline ring.
Davido123's ghost (novice Troll Berserker) comes into view.
It is wielding a weapon of flaming.
You see here 8 gold pieces.
You see here a scratched tourmaline ring.
G - a scratched tourmaline ring You feel agile.
G - a +2 ring of dexterity (right tentacle)
You hit davido123's ghost but do no damage.
Davido123's ghost closely misses you.
You hit davido123's ghost but do no damage.
Davido123's ghost hits you! Davido123's ghost burns you.
You barely miss davido123's ghost. You block davido123's ghost's attack.
You closely miss davido123's ghost. Davido123's ghost hits you!
Davido123's ghost burns you!
You miss davido123's ghost. You block davido123's ghost's attack.
You closely miss davido123's ghost.
Davido123's ghost completely misses you.
Davido123's ghost hits you!
You die...

#######.# #.#
#.#..#### # #.#
#.# #.#..# #
#.###.########
#.#..# #
#.............
..# #
#.......##
####..# #
#.#####..#
####.....
#######.#
##.###....#
........#
#.W#.....#..
...######
##.@.#.....#..#
....#
#.$###...###.#
....#
##..#..#..#..#
..#.#
##...###...#
.##.# ##.##
#..# ###.# ...
..# ### ..#..
#.. ##.. ..#.


You could see davido123's ghost.

Vanquished Creatures
  Sigmund (D:4)
  An ogre (D:4)
  Blork the orc (D:4)
  A scorpion (D:4)
  The ghost of Kiturien the Ducker, a weakling OpFi (D:3)
  A hound (D:5)
  A jelly (D:5)
  A centaur skeleton (D:4)
  2 orc priests (D:3)
  2 worker ants (D:4)
  Robin (D:4)
  4 adders
  2 worms
  3 dart slugs
  3 leopard geckos
  12 orcs
  A ball python (D:1)
  A giant cockroach (D:1)
  14 goblins
  8 hobgoblins
  5 jackals
  A quokka (D:5)
  5 bats
  4 frilled lizards
  9 kobolds
  A quokka skeleton (D:5)
  9 rats
95 creatures vanquished.

Notes
Turn   | Place    | Note
-------+----------+-------------------------------------------
     0 | D:1      | Kiturien the Octopode Fighter began the quest for the Orb.
     0 | D:1      | Reached XP level 1. HP: 16/16 MP: 1/1
   103 | D:1      | Reached XP level 2. HP: 21/21 MP: 2/2
   394 | D:1      | Found a shattered altar of Ashenzari.
   739 | D:2      | Reached XP level 3. HP: 26/26 MP: 3/3
  1766 | D:2      | Reached XP level 4. HP: 31/31 MP: 4/4
  2021 | D:2      | Reached skill level 1 in Stealth
  2293 | D:3      | Found a faded altar of an unknown god.
  2387 | D:3      | Noticed Kiturien's ghost (weakling OpFi)
  2401 | D:3      | Killed Kiturien's ghost
  2401 | D:3      | Reached XP level 5. HP: 27/36 MP: 5/5
  2888 | D:3      | Reached skill level 3 in Short Blades
  3209 | D:4      | Noticed an ogre
  3222 | D:4      | Killed an ogre
  3222 | D:4      | Reached XP level 6. HP: 23/42 MP: 6/6
  3392 | D:4      | Reached skill level 4 in Short Blades
  3743 | D:4      | Noticed Sigmund
  3760 | D:4      | Killed Sigmund
  3760 | D:4      | Reached XP level 7. HP: 27/47 MP: 7/7
  4019 | D:4      | Noticed Robin
  4187 | D:4      | Killed Robin
  4187 | D:4      | Reached skill level 5 in Short Blades
  4291 | D:4      | Noticed Blork the orc
  4299 | D:4      | Killed Blork the orc
  4424 | D:4      | Found a hazy altar of Hepliaklqana.
  4584 | D:5      | Entered Level 5 of the Dungeon
  4832 | D:5      | Got a warped falchion
  4833 | D:5      | Identified the +1 falchion "Eviscerator" {venom, rF+ rC++ MP+9 Str-3} (You found it on level 5 of the Dungeon)
  4896 | D:5      | Noticed davido123's ghost (novice TrBe)
  4915 | D:5      | Slain by davido123's ghost

Skill      XL: |  1  2  3  4  5  6  7 |
---------------+----------------------+-----
Stealth        | 1 3 4 |  4.9
Short Blades   | 3 4 5 |  5.3
Shields        | 4 |  4.4
Dodging        | 4 |  4.7
Fighting       | 4 |  4.0

Action                   |  1- 3 |  4- 6 |  7- 9 || total
-------------------------+-------+-------+-------++-------
Melee: Rapier            |    35 |    86 |    48 ||   169
       Constrict         |    18 |    19 |    11 ||    48
       Tentacles         |     8 |    16 |     9 ||    33
       Short sword       |    27 |     6 |       ||    33
  Use: Scroll            |     2 |     3 |       ||     5
       Potion            |     1 |       |     1 ||     2
 Stab: Sleeping          |     5 |     6 |     3 ||    14
  Eat: Bread ration      |     1 |       |       ||     1
       Meat ration       |       |     1 |     1 ||     2
Armor: Skin              |     3 |     3 |     2 ||     8
Dodge: Dodged            |    20 |    37 |    25 ||    82
Block: Shield            |    26 |    45 |    19 ||    90
       Reflection        |     2 |     2 |     1 ||     5
